 Dungeon Crawl Stone Soup version 0.30.1-11-g7821555f0a (webtiles) character file.

Game seed: 15251720020032659932

32 KittyFluff the Trooper (level 3, 0/34 HPs)
             Began as a Gargoyle Berserker on Nov 10, 2023.
             Was a Believer of Trog.
             Slain by Natasha (2 damage)
             ... on level 2 of the Dungeon.
             The game lasted 00:03:17 (675 turns).

KittyFluff the Trooper (Gargoyle Berserker)          Turns: 675, Time: 00:03:18

Health: 0/34       AC:  7    Str: 22    XL:     3   Next: 27%
Magic:  3/3        EV: 11    Int:  7    God:    Trog [**....]
Gold:   97         SH:  0    Dex:  9    Spells: 2/2 levels left

rFire   . . .        a - +0 mace
rCold   . . .        (no shield)
rNeg    + . .        d - +0 leather armour
rPois   ∞            (no helmet)
rElec   +            (no cloak)
rCorr   .            j - +0 pair of gloves
SInv    .            (no boots)
Will    .....        (no amulet) Stlth
                     (no ring)
HPRegen 0.25/turn    (no ring)
MPRegen 0.08/turn

%: no passive effects
@: berserking (expiring), slowed
A: sickness immunity, AC +3, negative energy resistance 1, electricity
resistance, torment resistance 1, petrification resistance
a: Renounce Religion, Berserk, Trog's Hand


You were on level 2 of the Dungeon.
You worshipped Trog.
Trog was pleased with you.
You visited 1 branch of the dungeon, and saw 2 of its levels.

You collected 97 gold pieces.

Inventory:

Hand Weapons
 a - a +0 mace (weapon)
Armour
 d - a +0 leather armour (worn)
 j - a +0 pair of gloves (worn)
Jewellery
 m - a ring of fire
Scrolls
 e - 2 scrolls of enchant weapon {unknown}
 f - a scroll of blinking {unknown}
 h - a scroll of brand weapon {unknown}
 i - a scroll of poison {unknown}
 l - a scroll of teleportation {unknown}
Potions
 b - a potion of mutation
 g - a potion of curing
 k - 2 potions of heal wounds


   Skills:
 + Level 3.5 Fighting
 * Level 3.4 Maces & Flails
 * Level 2.9 Armour
 + Level 1.8 Dodging
 + Level 0.7 Stealth


You had 2 spell levels left.
You didn't know any spells.
Your spell library was empty.

Dungeon Overview and Level Annotations

Branches:
Dungeon (2/15)

Altars:

Shops:
D:1 (

Annotations:
D:2 Natasha


Innate Abilities, Weirdness & Mutations

You are immune to sickness and miasma.
Your stone body is resilient. (AC +3)
You are immune to poison.
You resist negative energy. (rN+)
You are resistant to electric shocks. (rElec)
You are resistant to unholy torment.
You are immune to petrification.


Message History

You hit Natasha.
Natasha is moderately wounded.
The cerulean imp hits you with a +1 spear.
* * * LOW HITPOINT WARNING * * *
Natasha closely misses you. The cerulean imp barely misses you.
The cerulean imp hits you with a +1 spear.
* * * LOW HITPOINT WARNING * * *
Natasha claws you but does no damage.
A red film seems to cover your vision as you go berserk!
You feel yourself moving faster!
You feel mighty!
The cerulean imp hits you from afar with a +0 spear.
* * * LOW HITPOINT WARNING * * *
The cerulean imp barely misses you. Natasha barely misses you.
The cerulean imp hits you but does no damage.
The cerulean imp closely misses you.
You hit Natasha.
Natasha is heavily wounded.
Natasha claws you but does no damage. The cerulean imp barely misses you.
The cerulean imp hits you but does no damage.
Natasha barely misses you.
You hit Natasha.
Natasha is severely wounded.
The cerulean imp misses you.
The cerulean imp hits you but does no damage.
Natasha closely misses you.
You hit Natasha.
Natasha is severely wounded.
You feel yourself speed up.
The cerulean imp hits you from afar with a +0 spear.
* * * LOW HITPOINT WARNING * * *
The cerulean imp completely misses you. Natasha casts a spell at you.
You feel yourself slow down.
The cerulean imp hits you but does no damage.
You hit Natasha.
Natasha is almost dead.
The cerulean imp disappears in a puff of smoke!
The cerulean imp hits you but does no damage.
Natasha claws you.
You die...

... #### ###########... .....
##.....#....... .....
##.........[.... ......
#............... ......#####
#...............
..........####...<...........
...........§h@...............
........##.###5..............
###.#.#....# #...............
# #...................[....
#####.....##.............
#.###.....###..#..... #..
####... ...#.#... ###.
..###.........


You could see Natasha and a cerulean imp (summoned).

Vanquished Creatures
  3 ball pythons (D:1)
  4 bats (D:1)
  7 endoplasms (D:1)
  A giant cockroach (D:1)
  A goblin (D:1)
  3 hobgoblins (D:1)
  3 jackals (D:1)
  A kobold (D:1)
  2 frilled lizards
  3 rats (D:1)
28 creatures vanquished.

Notes
Turn   | Place    | Note
-------+----------+-------------------------------------------
     0 | D:1      | KittyFluff the Gargoyle Berserker began the quest for the
                  | Orb.
     0 | D:1      | Reached XP level 1. HP: 14/14 MP: 1/1
   118 | D:1      | Reached XP level 2. HP: 15/19 MP: 2/2
   272 | D:1      | Reached ** piety under Trog
   278 | D:1      | Reached XP level 3. HP: 23/23 MP: 3/3
   447 | D:1      | Found a faded altar of an unknown god.
   476 | D:1      | Found Ycovyll's Antique Weapon Boutique.
   656 | D:2      | Noticed Natasha
   675 | D:2      | Slain by Natasha

Illustrated notes

Levels and vault maps discovered:
D:1:      erik_arrival_orb_chamber, layout_basic, serial_shops, shop,
          chequers_ecumenical_altar_simple_redux, minmay_pentomino_o2
D:2:      layout_rooms, uniq_natasha

Action                     || total
---------------------------++-------
  Melee: Mace              ||    83
 Invoke: Berserk           ||     1
    Use: Scroll            ||     3
 Armour: Leather armour    ||    70
  Dodge: Dodged            ||    76
